General information
- name: BNet
- type: Ladder team game (AT/RT)
- host: Battle.net
- saver: MsY]DOGANDHORSE
map: GoldRush
- players: 8
- length: 24:10
- speed: Fast
- version: 1.24 W3XP
- replay type:

» download(270 KB)
Players
team 1 (winner)

»
kunt.roII (
pink | 118 APM | 2850 actions | 24:10)
5 Pandaren Brewmaster
3 Breath of Fire
2 Drunken Haze
» actions
| Assign group hotkey | 39 | |
| Basic commands | 69 | |
| Build / train | 81 | |
| ESC pressed | 6 | |
| Enter build submenu | 27 | |
| Enter hero's abilities submenu | 5 | |
| Right click | 1509 | |
| Select / deselect | 417 | |
| Select group hotkey | 570 | |
| Use ability | 127 | |
2850 total
» units
| Wisp | 27 | |
| Archer | 6 | |
| Huntress | 6 | |
| Dryad | 7 | |
| Druid of the Claw | 3 | |
49 total
» upgrades
| Strength of the Moon | 1 | |
| Abolish Magic | 1 | |
| Druid of the Claw Training | 2 | |
| Strength of the Wild | 2 | |
| Well Spring | 1 | |
| Reinforced Hides | 1 | |
| Mark of the Claw | 1 | |
9 total
» buildings
| Altar of Elders | 1 | |
| Moon Well | 5 | |
| Ancient of War | 2 | |
| Hunter's Hall | 1 | |
| Ancient Protector | 6 | |
| Tree of Ages | 2 | |
| Tree of Life | 3 | |
| Tree of Eternity | 2 | |
| Ancient of Lore | 3 | |
| Ancient of Wonders | 1 | |
26 total
» build order
00:13 Altar of Elders
00:24 Moon Well
01:05 Ancient of War
02:29 Ancient of War
02:40 Moon Well
03:29 Hunter's Hall
05:06 Moon Well
06:20 Ancient Protector
06:21 Ancient Protector
06:23 Ancient Protector
06:47 Moon Well
07:39 Ancient Protector
07:54 Ancient Protector
09:31 Tree of Ages
09:32 Tree of Ages
10:08 Ancient Protector
11:02 Tree of Life
12:20 Tree of Eternity
12:20 Tree of Eternity
12:23 Ancient of Lore
12:26 Ancient of Lore
12:27 Ancient of Lore
13:54 Moon Well
16:54 Ancient of Wonders
19:54 Tree of Life
22:23 Tree of Life
» items
| Healing Salve | 4 | |
| Scroll of Speed | 2 | |
| Lesser Clarity Potion | 2 | |
| Boots of Speed | 1 | |
| Staff of Teleportation | 1 | |
| Orb of Venom | 1 | |
| Potion of Healing | 1 | |
| Scroll of Town Portal | 1 | |
13 total
Mata. (
purple | 144 APM | 3481 actions | 24:10)
4 Archmage
2 Summon Water Elemental
2 Brilliance Aura
3 Mountain King
2 Storm Bolt
1 Bash
» actions
| Assign group hotkey | 460 | |
| Basic commands | 78 | |
| Build / train | 122 | |
| Enter build submenu | 47 | |
| Enter hero's abilities submenu | 7 | |
| Remove unit from queue | 6 | |
| Right click | 1579 | |
| Select / deselect | 765 | |
| Select group hotkey | 273 | |
| Use ability | 144 | |
3481 total
» units
| Peasant | 23 | |
| Sorceress | 2 | |
| Priest | 6 | |
| Gryphon Rider | 7 | |
38 total
» upgrades
| Masonry | 3 | |
| Lumber Harvesting | 1 | |
| Priest Training | 2 | |
| Animal War Training | 1 | |
| Storm Hammers | 1 | |
| Armor | 2 | |
10 total
» buildings
| Altar of Kings | 1 | |
| Farm | 13 | |
| Lumber Mill | 1 | |
| Scout Tower | 21 | |
| Arcane Tower | 5 | |
| Guard Tower | 32 | |
| Town Hall | 4 | |
| Keep | 1 | |
| Castle | 2 | |
| Arcane Sanctum | 2 | |
| Gryphon Aviary | 2 | |
| Blacksmith | 1 | |
| Barracks | 1 | |
86 total
» build order
00:12 Altar of Kings
00:17 Farm
00:40 Lumber Mill
00:53 Scout Tower
01:02 Scout Tower
01:21 Arcane Tower
01:22 Arcane Tower
01:25 Scout Tower
01:33 Scout Tower
01:45 Guard Tower
01:45 Guard Tower
01:51 Scout Tower
01:57 Guard Tower
01:58 Guard Tower
02:04 Guard Tower
02:05 Guard Tower
02:05 Guard Tower
02:17 Guard Tower
02:23 Farm
02:33 Scout Tower
02:38 Scout Tower
02:41 Scout Tower
03:09 Arcane Tower
03:09 Arcane Tower
03:10 Guard Tower
03:10 Guard Tower
03:12 Scout Tower
03:35 Town Hall
03:41 Guard Tower
03:47 Guard Tower
04:37 Scout Tower
05:00 Scout Tower
05:03 Scout Tower
05:06 Guard Tower
05:06 Guard Tower
05:22 Scout Tower
05:27 Guard Tower
05:43 Guard Tower
05:45 Town Hall
05:57 Guard Tower
07:20 Keep
07:44 Scout Tower
07:45 Scout Tower
07:45 Scout Tower
08:33 Guard Tower
08:33 Guard Tower
09:38 Guard Tower
09:49 Castle
09:50 Castle
09:52 Arcane Sanctum
09:52 Arcane Sanctum
10:46 Scout Tower
11:01 Scout Tower
11:02 Scout Tower
11:05 Scout Tower
11:10 Gryphon Aviary
11:10 Gryphon Aviary
11:12 Blacksmith
11:17 Barracks
11:30 Farm
11:31 Farm
12:46 Farm
12:48 Farm
12:49 Farm
12:53 Farm
16:36 Scout Tower
16:52 Farm
16:52 Farm
16:53 Farm
16:53 Farm
16:55 Farm
17:34 Guard Tower
17:35 Guard Tower
20:13 Town Hall
22:06 Town Hall
» items
| Healing Salve | 1 | |
| Lesser Clarity Potion | 1 | |
| Potion of Mana | 1 | |
3 total
MsY]DOGANDHORSE (
orange | 115 APM | 2785 actions | 24:10)
4 Archmage
2 Summon Water Elemental
1 Brilliance Aura
1 Blizzard
3 Mountain King
2 Storm Bolt
1 Bash
» actions
| Assign group hotkey | 31 | |
| Basic commands | 9 | |
| Build / train | 96 | |
| Enter build submenu | 35 | |
| Enter hero's abilities submenu | 8 | |
| Give item / drop item | 7 | |
| Remove unit from queue | 13 | |
| Right click | 1868 | |
| Select / deselect | 358 | |
| Select group hotkey | 245 | |
| Use ability | 115 | |
2785 total
» units
| Peasant | 14 | |
| Priest | 1 | |
| Siege Engine | 5 | |
| Mortar Team | -1 | |
19 total
» upgrades
| Masonry | 3 | |
| Magic Sentry | 1 | |
| Priest Training | 2 | |
| Lumber Harvesting | 2 | |
| Gunpowder | 3 | |
| Plating | 3 | |
| Barrage | 1 | |
| Sorceress Training | 1 | |
16 total
» buildings
| Altar of Kings | 2 | |
| Farm | 4 | |
| Lumber Mill | 1 | |
| Scout Tower | 23 | |
| Arcane Tower | 6 | |
| Guard Tower | 15 | |
| Keep | 1 | |
| Blacksmith | 1 | |
| Arcane Sanctum | 1 | |
| Town Hall | 2 | |
| Castle | 2 | |
| Arcane Vault | 2 | |
| Workshop | 1 | |
61 total
» build order
00:11 Altar of Kings
00:15 Altar of Kings
00:21 Farm
01:02 Lumber Mill
01:12 Scout Tower
01:25 Farm
02:30 Arcane Tower
02:43 Scout Tower
03:13 Arcane Tower
03:19 Scout Tower
03:33 Scout Tower
03:35 Scout Tower
03:36 Scout Tower
03:52 Arcane Tower
04:02 Guard Tower
04:02 Arcane Tower
04:03 Scout Tower
04:05 Scout Tower
04:22 Guard Tower
04:32 Guard Tower
05:07 Keep
05:08 Guard Tower
05:09 Scout Tower
05:09 Scout Tower
05:11 Scout Tower
06:40 Guard Tower
06:41 Guard Tower
06:42 Guard Tower
06:42 Guard Tower
06:42 Guard Tower
06:43 Farm
06:44 Farm
06:49 Blacksmith
07:05 Scout Tower
07:06 Scout Tower
07:07 Scout Tower
07:09 Scout Tower
07:09 Scout Tower
07:10 Scout Tower
07:11 Scout Tower
08:35 Arcane Sanctum
08:37 Guard Tower
10:32 Town Hall
11:12 Castle
11:43 Guard Tower
11:45 Scout Tower
11:46 Scout Tower
11:47 Scout Tower
12:16 Arcane Vault
12:28 Workshop
12:38 Town Hall
13:17 Arcane Tower
13:18 Guard Tower
13:19 Guard Tower
15:18 Guard Tower
15:18 Guard Tower
20:24 Arcane Vault
» items
| Tome of Retraining | 1 | |
| Potion of Healing | 3 | |
| Potion of Mana | 2 | |
| Lesser Clarity Potion | 1 | |
| Orb of Lightning | 1 | |
| Staff of Sanctuary | 2 | |
10 total
TIMG4STRok (
red | 109 APM | 2629 actions | 24:10)
5 Blademaster
2 Wind Walk
3 Critical Strike
» actions
| Assign group hotkey | 16 | |
| Basic commands | 3 | |
| Build / train | 69 | |
| ESC pressed | 12 | |
| Enter build submenu | 30 | |
| Enter hero's abilities submenu | 5 | |
| Give item / drop item | 2 | |
| Right click | 1594 | |
| Select / deselect | 176 | |
| Select group hotkey | 588 | |
| Use ability | 134 | |
2629 total
» units
| Peon | 13 | |
| Troll Batrider | 3 | |
| Wind Rider | 12 | |
28 total
» upgrades
| Liquid Fire | 1 | |
| Ranged Weapons | 3 | |
| Envenomed Spears | 1 | |
| Armor | 1 | |
6 total
» buildings
| Altar of Storms | 1 | |
| Orc Burrow | 7 | |
| War Mill | 1 | |
| Voodoo Lounge | 3 | |
| Watch Tower | 12 | |
| Stronghold | 1 | |
| Fortress | 1 | |
| Beastiary | 3 | |
| Barracks | 1 | |
| Great Hall | 2 | |
32 total
» build order
00:06 Altar of Storms
00:12 Orc Burrow
02:34 War Mill
02:38 Voodoo Lounge
03:29 Orc Burrow
04:24 Watch Tower
04:32 Watch Tower
04:32 Watch Tower
05:12 Watch Tower
05:50 Watch Tower
05:52 Watch Tower
05:54 Stronghold
07:34 Watch Tower
07:35 Watch Tower
07:36 Watch Tower
08:19 Fortress
08:22 Watch Tower
08:23 Watch Tower
08:23 Watch Tower
08:30 Beastiary
08:33 Barracks
08:34 Beastiary
08:36 Voodoo Lounge
08:38 Orc Burrow
08:41 Orc Burrow
09:01 Beastiary
13:11 Orc Burrow
13:14 Orc Burrow
13:15 Orc Burrow
15:31 Great Hall
16:43 Voodoo Lounge
20:17 Great Hall
» items
| Healing Salve | 4 | |
| Lesser Clarity Potion | 10 | |
| Scroll of Speed | 2 | |
| Staff of Teleportation | 1 | |
| Boots of Speed | 2 | |
| Potion of Mana | 2 | |
| Potion of Healing | 2 | |
| Orb of Lightning | 1 | |
| Scroll of Town Portal | 3 | |
27 total
team 2 (loser)
deadpIaya (
teal | 72 APM | 1704 actions | 23:47)
2 Tauren Chieftain
1 War Stomp
1 Endurance Aura
1 Lich
1 Frost Armor
» actions
| Assign group hotkey | 44 | |
| Basic commands | 6 | |
| Build / train | 26 | |
| ESC pressed | 2 | |
| Enter build submenu | 13 | |
| Enter hero's abilities submenu | 3 | |
| Right click | 1056 | |
| Select / deselect | 441 | |
| Select group hotkey | 39 | |
| Use ability | 74 | |
1704 total
» units
» buildings
| Altar of Storms | 2 | |
| Orc Burrow | 6 | |
| Barracks | 1 | |
| Great Hall | 1 | |
10 total
» build order
00:12 Altar of Storms
00:16 Orc Burrow
00:39 Barracks
01:14 Orc Burrow
02:23 Orc Burrow
04:34 Orc Burrow
05:22 Orc Burrow
15:50 Great Hall
19:16 Altar of Storms
19:20 Orc Burrow
» items
| Healing Salve | 1 | |
| Lesser Clarity Potion | 1 | |
| Rod of Necromancy | 1 | |
3 total
GuRuMastA (
yellow | 33 APM | 793 actions | 23:43)
1 Demon Hunter
1 Mana Burn
1 Death Knight
1 Death Coil
» actions
| Assign group hotkey | 1 | |
| Basic commands | 5 | |
| Build / train | 13 | |
| Enter build submenu | 7 | |
| Enter hero's abilities submenu | 2 | |
| Remove unit from queue | 1 | |
| Right click | 257 | |
| Select / deselect | 465 | |
| Select group hotkey | 4 | |
| Use ability | 38 | |
793 total
» units
» buildings
| Altar of Elders | 1 | |
| Moon Well | 4 | |
| Tree of Life | 1 | |
6 total
» build order
00:16 Altar of Elders
00:28 Moon Well
00:42 Moon Well
00:55 Moon Well
01:58 Moon Well
16:58 Tree of Life

»
LH-A12THAS (
blue | 149 APM | 3579 actions | 24:03)
4 Tauren Chieftain
2 Shockwave
2 Endurance Aura
4 Shadow Hunter
2 Hex
2 Healing Wave
» actions
| Assign group hotkey | 37 | |
| Basic commands | 42 | |
| Build / train | 66 | |
| Enter build submenu | 15 | |
| Enter hero's abilities submenu | 9 | |
| Remove unit from queue | 3 | |
| Right click | 1625 | |
| Select / deselect | 385 | |
| Select group hotkey | 1322 | |
| Use ability | 75 | |
3579 total
» units
| Peon | 7 | |
| Grunt | 8 | |
| Demolisher | 7 | |
| Troll Witch Doctor | 6 | |
| Troll Headhunter/Berserker | 7 | |
35 total
» upgrades
| Berserker Strength | 1 | |
| Burning Oil | 1 | |
| Armor | 1 | |
| Pillage | 1 | |
| Ranged Weapons | 2 | |
| Witch Doctor Training | 2 | |
| Berserker Upgrade | 1 | |
| Reinforced Defenses | 1 | |
10 total
» buildings
| Barracks | 3 | |
| Orc Burrow | 5 | |
| Altar of Storms | 1 | |
| Voodoo Lounge | 1 | |
| Stronghold | 1 | |
| War Mill | 1 | |
| Fortress | 2 | |
| Spirit Lodge | 1 | |
15 total
» build order
00:18 Barracks
00:22 Orc Burrow
00:50 Altar of Storms
01:59 Orc Burrow
02:05 Voodoo Lounge
03:07 Stronghold
04:07 Barracks
04:12 Orc Burrow
05:21 Barracks
05:24 War Mill
05:28 Fortress
07:26 Orc Burrow
09:43 Spirit Lodge
09:51 Orc Burrow
» items
| Healing Salve | 2 | |
| Scroll of Speed | 2 | |
| Lesser Clarity Potion | 1 | |
5 total
The.Emerald.One (
green | 84 APM | 2032 actions | 24:09)
4 Death Knight
2 Death Coil
2 Unholy Aura
3 Lich
2 Frost Nova
1 Frost Armor
4 Crypt Lord
2 Impale
2 Spiked Carapace
» actions
| Assign group hotkey | 44 | |
| Basic commands | 105 | |
| Build / train | 51 | |
| ESC pressed | 3 | |
| Enter build submenu | 16 | |
| Enter hero's abilities submenu | 11 | |
| Give item / drop item | 1 | |
| Right click | 1109 | |
| Select / deselect | 237 | |
| Select group hotkey | 353 | |
| Use ability | 102 | |
2032 total
» units
| Acolyte | 3 | |
| Ghoul | 1 | |
| Crypt Fiend | 11 | |
| Frost Wyrm | 7 | |
22 total
» upgrades
| Creature Attack | 1 | |
| Creature Carapace | 2 | |
| Web | 1 | |
4 total
» buildings
| Crypt | 1 | |
| Graveyard | 1 | |
| Altar of Darkness | 1 | |
| Ziggurat | 7 | |
| Tomb of Relics | 1 | |
| Halls of the Dead | 1 | |
| Black Citadel | 1 | |
| Sacrificial Pit | 1 | |
| Boneyard | 2 | |
16 total
» build order
00:11 Crypt
00:12 Graveyard
00:21 Altar of Darkness
00:22 Ziggurat
00:34 Ziggurat
01:11 Tomb of Relics
01:45 Ziggurat
03:12 Halls of the Dead
03:31 Ziggurat
03:32 Ziggurat
06:46 Black Citadel
07:20 Sacrificial Pit
09:46 Boneyard
09:48 Boneyard
09:51 Ziggurat
12:05 Ziggurat
» items
| Rod of Necromancy | 1 | |
| Scroll of Town Portal | 1 | |
| Potion of Mana | 2 | |
| Scroll of Healing | 2 | |
| Potion of Healing | 1 | |
| Orb of Corruption | 1 | |
| Dust of Appearance | 1 | |
9 total
Chat log
(00:31 / All) MsY]DOGANDHORSE: hey deadplaya
(00:40 / All) deadpIaya: hi dear
(00:41 / All) MsY]DOGANDHORSE: remember clan towa
(06:09 / All) Mata.: ty yello
(06:16 / All) The.Emerald.One: ^^ ik right>
(06:20 / All) MsY]DOGANDHORSE: GOOD SURROUND
(14:39 / Allies) TIMG4STRok: g0ld
(14:40 / Allies) TIMG4STRok: g0ld
(16:55 / Allies) TIMG4STRok: ME
(16:55 / Allies) TIMG4STRok: MATA
(22:29 / All) kunt.roII: U almost own.
(22:36 / All) deadpIaya: hi im deadplaya
(22:42 / All) Mata.: hi ur owned
(22:47 / All) MsY]DOGANDHORSE: another deadplay ownage by clan towa
(22:50 / All) deadpIaya: i maphack and still lost
(22:50 / All) TIMG4STRok: YOU are bad........
(22:51 / All) deadpIaya: lol
(23:02 / All) MsY]DOGANDHORSE: http://highper.ch/ search for deadplaya
(23:06 / All) MsY]DOGANDHORSE: make sure to check 1.22 and 1.21
(24:01 / All) MsY]DOGANDHORSE: leave now
(24:01 / All) TIMG4STRok: noobs down
(24:03 / All) Mata.: peace and out
(24:03 / All) MsY]DOGANDHORSE: kiss my feet
(24:04 / All) MsY]DOGANDHORSE: towers up